 Dungeon Crawl Stone Soup version 0.16.0-17-g811c1d7 (webtiles) character file.

1618 valak23 the Chopper (level 9, -10/67 HPs)
             Began as a Human Fighter on Mar 21, 2015.
             Killed by divine providence
             ... invoked by an orc priest
              (17 damage)
             ... on level 6 of the Dungeon.
             The game lasted 00:16:55 (5253 turns).

valak23 the Chopper (Human Fighter)                 Turns: 5253, Time: 00:16:57

Health: -10/67     AC: 12    Str: 26    XL:     9   Next: 17%
Magic:  9/9        EV:  5    Int:  8    God:
Gold:   203        SH: 19    Dex: 12    Spells: 0 memorised, 8 levels left

rFire  . . .     SeeInvis .     y - +3 war axe
rCold  . . .     Clarity  .     G - +0 plate armour
rNeg   . . .     SustAb   .     h - +3 large shield
rPois  .         Gourm    .     (no helmet)
rElec  .         Spirit   .     (no cloak)
rCorr  .         Warding  .     (no gloves)
rMut   .         Stasis   .     (no boots)
MR     .....                    (no amulet)
Stlth  ..........               (no ring)
                                w - ring of wizardry (curse)

@: mighty, lethally poisoned (-10 -> -11), not resistant to hostile
enchantments, extremely unstealthy
A: no striking features
a: no special abilities


You were on level 6 of the Dungeon.
You were not hungry.

You visited 2 branches of the dungeon, and saw 7 of its levels.
You also visited: Ossuary.

You collected 203 gold pieces.

Inventory:

Hand weapons
 y - a +3 war axe (weapon)
Armour
 b - a +0 scale mail
 c - a +0 shield
 h - a +3 large shield (worn)
 G - a +0 plate armour (worn)
Jewellery
 w - a cursed ring of wizardry (left hand)
Magical devices
 g - a wand of slowing (0)
Scrolls
 f - a scroll of magic mapping
 u - 4 scrolls of teleportation
Potions
 e - a potion of might
 j - 2 potions of brilliance
 k - a potion of magic
 m - 5 potions of curing
 n - a potion of heal wounds
 A - a potion of cancellation
Comestibles
 d - a bread ration
 l - a royal jelly
 o - 2 meat rations
 p - 2 slices of pizza
 x - a beef jerky


   Skills:
 + Level 4.9 Fighting
 * Level 7.0 Axes
 + Level 4.7 Armour
 + Level 3.7 Dodging
 + Level 6.2 Shields


You had 8 spell levels left.
You didn't know any spells.

Dungeon Overview and Level Annotations

Branches:
Dungeon (6/15)             Temple (1/1) D:4

Altars:
Ashenzari
Cheibriados
Dithmenos
Elyvilon
Fedhas
Gozag
Makhleb
Nemelex Xobeh
Qazlal
Ru
Sif Muna
Trog
Yredelemnul
Zin

Shops:
D:5 (


Message History

The orc priest calls down the wrath of Beogh upon you.
Something smites you!
* * * LOW HITPOINT WARNING * * *
You hit the orc warrior!
The orc warrior is heavily wounded.
The orc priest becomes somewhat translucent.
You block the orc warrior's attack.
You slash the orc warrior!!
You kill the orc warrior!
Your Axes skill increases to level 7!
You block the orc priest's attack.
You closely miss the orc priest.
You feel sick. You block the orc priest's attack.
You closely miss the orc priest.
The orc priest mumbles some strange prayers to Beogh against you.
Pain shoots through your body!
* * * LOW HITPOINT WARNING * * *
The orc priest mumbles some strange prayers to Beogh against you.
Something smites you!
You die...

#........##....†)†.......#
#...###..##..(##.).......#
#..#..#..#..!.##.........#
#..#..#..#.#####.........#
#..###...#.# #...<.....#
#.....)..#.# ##.......##
#........#.# #########
####)'####.# #...oo@.#
#########


You could see 2 orc priests.

Vanquished Creatures
  Grinder (D:5)
  A phantom (D:5)
  3 orc warriors (D:6)
  A sky beast (D:5)
  3 water moccasin zombies (Ossuary)
  A water moccasin skeleton (D:6)
  2 crimson imps (D:6)
  A giant frog skeleton (D:5)
  3 human zombies (D:5)
  3 orc priests
  A human skeleton (D:5)
  A hound (D:4)
  An orc wizard (D:3)
  Natasha (D:6)
  A worker ant (D:6)
  3 big kobold zombies (Ossuary)
  Terence (D:3)
  2 mummies (Ossuary)
  3 gnolls (D:3)
  9 adders
  2 giant mites
  3 worms (D:2)
  An adder zombie (Ossuary)
  3 giant geckos
  12 orcs
  9 bats
  4 giant cockroaches
  A gnoll zombie (Ossuary)
  13 goblins
  10 hobgoblins
  11 jackals
  14 kobolds
  A quokka (D:2)
  A ball python (D:2)
  5 giant newts
  3 hobgoblin zombies (Ossuary)
  10 kobold zombies (Ossuary)
  2 orc skeletons (D:5)
  6 orc zombies (Ossuary)
  8 rats
  A plant (D:4)
162 creatures vanquished.

Notes
Turn   | Place    | Note
--------------------------------------------------------------
     0 | D:1      | valak23, the Human Fighter, began the quest for the Orb.
     0 | D:1      | Reached XP level 1. HP: 18/18 MP: 1/1
   118 | D:1      | Reached XP level 2. HP: 24/24 MP: 2/2
   427 | D:2      | Reached XP level 3. HP: 27/29 MP: 3/3
   757 | D:2      | Reached XP level 4. HP: 31/35 MP: 4/4
  1211 | D:3      | Reached XP level 5. HP: 17/41 MP: 5/5
  1486 | D:3      | Reached skill level 1 in Dodging
  1629 | D:3      | Reached skill level 4 in Shields
  1690 | D:3      | Noticed Terence
  1709 | D:3      | Killed Terence
  1709 | D:3      | Reached XP level 6. HP: 41/47 MP: 6/6
  2122 | D:3      | Found an opulent altar of Gozag.
  2122 | D:3      | Found a shadowy altar of Dithmenos.
  3004 | D:4      | Found a blossoming altar of Fedhas.
  3004 | D:4      | Found a deep blue altar of Sif Muna.
  3004 | D:4      | Found a glowing silver altar of Zin.
  3253 | D:4      | Found a staircase to the Ecumenical Temple.
  3259 | Temple   | Entered the Ecumenical Temple
  3811 | D:5      | Entered Level 5 of the Dungeon
  4040 | D:5      | Found a sand-covered staircase.
  4051 | Ossuary  | Entered an ossuary
  4089 | Ossuary  | Reached XP level 7. HP: 36/52 MP: 7/7
  4281 | D:5      | Reached skill level 5 in Axes
  4297 | D:5      | Reached skill level 5 in Shields
  4417 | D:5      | Found Mnamn's Weapon Shop.
  4522 | D:5      | Reached XP level 8. HP: 58/60 MP: 8/8
  4589 | D:5      | Noticed Grinder
  4601 | D:5      | Paralysed by Grinder for 5 turns
  4608 | D:5      | Killed Grinder
  4657 | D:5      | Noticed a sky beast
  4665 | D:5      | Killed a sky beast
  4687 | D:5      | Reached skill level 6 in Axes
  4893 | D:5      | Found a shattered altar of Ashenzari.
  5080 | D:6      | Noticed Natasha
  5084 | D:6      | Killed Natasha
  5199 | D:6      | Reached XP level 9. HP: 39/67 MP: 9/9
  5251 | D:6      | Reached skill level 7 in Axes
  5253 | D:6      | Killed from afar by an orc priest

Action                   |  1- 3 |  4- 6 |  7- 9 || total
-------------------------+-------+-------+-------++-------
Melee: War axe           |    88 |    81 |   171 ||   340
       Hand axe          |       |   207 |       ||   207
  Use: Scroll            |       |     9 |     3 ||    12
       Potion            |       |       |     9 ||     9
  Eat: Bread ration      |       |     3 |     1 ||     4
